 Dungeon Crawl Stone Soup version 0.29.1-12-g30fa7ad0bf (webtiles) character file.

Game seed: 10235387840562825798

3644 Gabide the Fighter (level 10, -1/83 HPs)
             Began as a Human Monk on Jan 8, 2023.
             Slain by a centaur warrior
             ... wielding a +0 long sword
              (16 damage)
             ... on level 8 of the Dungeon.
             The game lasted 00:20:28 (12144 turns).

Gabide the Fighter (Human Monk)                    Turns: 12144, Time: 00:20:29

Health: -1/83      AC: 12    Str: 15    XL:     10   Next: 33%
Magic:  10/10      EV: 17    Int: 18    God:
Gold:   284        SH:  5    Dex: 22    Spells: 9/9 levels left

rFire   . . .      SeeInvis .   d - +2 spear (freeze)
rCold   . . .      Faith    .   (no shield)
rNeg    . . .      Spirit   .   o - +4 ring mail
rPois   .          Reflect  +   (no helmet)
rElec   .          Harm     .   (no cloak)
rCorr   +          Rampage  .   (no gloves)
Will    .....                   e - +2 pair of boots
Stlth   ++........              m - amulet of reflection
HPRegen 0.23/turn               q - ring "Cafun" {rCorr Int+8 Dex+5}
MPRegen 0.12/turn               (no ring)

@: hasted, very quick
A: no striking features
a: no special abilities


You were on level 8 of the Dungeon.
You visited 2 branches of the dungeon, and saw 9 of its levels.

You collected 413 gold pieces.
You spent 129 gold pieces at shops.

Inventory:

Hand Weapons
 d - a +2 spear of freezing (weapon)
Missiles
 z - 4 javelins (quivered)
Armour
 e - a +2 pair of boots (worn)
 o - a +4 ring mail (worn)
Jewellery
 m - an amulet of reflection (around neck)
 q - the ring "Cafun" (left hand) {rCorr Int+8 Dex+5}
   (You took it off a kobold on level 2 of the Dungeon)

   [ring of resist corrosion]

   Int:       It affects your intelligence (+8).
   Dex:       It affects your dexterity (+5).
   rCorr:     It protects you from acid and corrosion.
 t - a ring of fire
Scrolls
 b - a scroll of amnesia {unknown}
 c - a scroll of blinking
 j - 4 scrolls of teleportation
 r - a scroll of fog
 A - a scroll of acquirement {unknown}
 C - a scroll of fear {unknown}
Potions
 g - 2 potions of mutation
 h - 2 potions of curing
 i - a potion of ambrosia
 p - 2 potions of cancellation
 u - 2 potions of brilliance
 w - a potion of degeneration {unknown}
 D - a potion of invisibility {unknown}


   Skills:
 + Level 9.1 Fighting
 - Level 8.0 Polearms
 - Level 2.0 Armour
 + Level 9.0 Dodging
 - Level 2.0 Stealth


You had 9 spell levels left.
You didn't know any spells.
Your spell library contained the following spells:

 Spells                   Type           Power      Damage    Failure   Level
 Apportation              Tloc           0%         N/A       38%         1
 Call Canine Familiar     Summ           0%         N/A       77%         3
 Portal Projectile        Hex/Tloc       0%         N/A       77%         3
 Leda's Liquefaction      Hex/Erth       0%         N/A       99%         4
 Alistair's Intoxication  Tmut/Pois      0%         N/A       100%        5


Dungeon Overview and Level Annotations

Branches:
Dungeon (8/15)             Temple (1/1) D:4
   Lair: D:8-11

Altars:
Ashenzari
Dithmenos
Elyvilon
Fedhas
Gozag
Makhleb
Nemelex Xobeh
Okawaru
Qazlal
Ru
Sif Muna
Vehumet
Xom
Yredelemnul
Zin
The Shining One

Shops:
D:4 *   D:7 (

Annotations:
D:7 2 transporters, vvl's ghost, novice DsVM


Message History

You block the centaur warrior's attack.
You are too injured to fight recklessly!
You are too injured to fight recklessly!
You are too injured to fight recklessly!
You are too injured to fight recklessly!
You are too injured to fight recklessly!
You are too injured to fight recklessly!
You are too injured to fight recklessly!
You are too injured to fight recklessly!
You are too injured to fight recklessly!
You are too injured to fight recklessly!
You are too injured to fight recklessly!
You are too injured to fight recklessly!
You are too injured to fight recklessly!
You are too injured to fight recklessly!
You are too injured to fight recklessly!
You are too injured to fight recklessly!
You are too injured to fight recklessly!
You hit the centaur warrior. You freeze the centaur warrior.
The centaur warrior is heavily wounded.
The centaur warrior hits you with a +0 long sword!
The centaur warrior kicks you but does no damage.
You hit the centaur warrior. You freeze the centaur warrior.
You punch the centaur warrior.
The centaur warrior is severely wounded.
The centaur warrior hits you with a +0 long sword!
* * * LOW HITPOINT WARNING * * *
The centaur warrior misses you.
You hit the centaur warrior. You freeze the centaur warrior.
The centaur warrior is severely wounded.
The centaur warrior closely misses you. The centaur warrior misses you.
You closely miss the centaur warrior.
The centaur warrior is severely wounded.
The centaur warrior hits you with a +0 long sword!
* * * LOW HITPOINT WARNING * * *
The centaur warrior closely misses you.
You hit the centaur warrior. You freeze the centaur warrior.
The centaur warrior is almost dead.
The centaur warrior hits you with a +0 long sword!
You die...

......### ###.....##.#.###
....#...####.......#.#.<.#
....###...##.......#.###)#
....#####..#.......#.# #)#
....##............##.###.#
.......###.#.......#..##.#
....#### #.............).#
....# ###.........[...#
.[.## ##..c@.#......# ####
#....##......#
#.##..#......#
#.###.......###
#############.#
##........##
#...>......##.#
#..#..[...##
#..........##.#
##.........#
...........##.#
###.......#
#..........##.###
#.......#


You could see a centaur warrior (fast).

Vanquished Creatures
  Prince Ribbit (D:5)
  A slime creature (D:7)
  Sigmund (D:6)
  A steam dragon (D:8)
  Duvessa (D:7)
  A water moccasin (D:8)
  An orc warrior (D:8)
  A black bear (D:6)
  A sky beast (D:7)
  An ogre (D:6)
  An ice beast (D:4)
  A centaur (D:8)
  2 kobold brigands
  A phantom (D:7)
  2 necrophages
  A gnoll sergeant (D:7)
  A bullfrog (D:7)
  3 scorpions
  Dowan (D:7)
  13 killer bees
  A crimson imp (D:3)
  3 hounds
  A jelly (D:7)
  2 orc priests
  2 iguanas
  6 orc wizards
  9 adders
  A shadow imp (D:7)
  An ufetubus (D:6)
  A worm (D:4)
  2 dart slugs
  29 orcs
  6 endoplasms
  4 giant cockroaches
  4 goblins
  2 hobgoblins
  10 jackals
  2 quokkas (D:1)
  4 ball pythons
  5 bats
  2 frilled lizards
  A goblin skeleton (D:3)
  A goblin zombie (D:3)
  4 hobgoblin zombies (D:3)
  9 kobolds
  A kobold zombie (D:3)
  2 orc skeletons (D:3)
  An orc zombie (D:3)
  11 rats
163 creatures vanquished.

Vanquished Creatures (collateral kills)
  Joseph (D:7)
1 creature vanquished.

Vanquished Creatures (others)
  A bush (D:6)
  A plant (D:4)
2 creatures vanquished.

Grand Total: 166 creatures vanquished

Notes
Turn   | Place    | Note
-------+----------+-------------------------------------------
     0 | D:1      | Gabide the Human Monk began the quest for the Orb.
     0 | D:1      | Reached XP level 1. HP: 18/18 MP: 1/1
    16 | D:1      | You fall into a shaft and drop 1 floor!
   307 | D:1      | Found a faded altar of an unknown god.
   327 | D:1      | Reached XP level 2. HP: 18/24 MP: 2/2
   967 | D:1      | Reached XP level 3. HP: 29/29 MP: 3/3
  1592 | D:2      | Reached XP level 4. HP: 35/35 MP: 4/4
  1781 | D:2      | Identified the ring "Cafun" {rCorr Int+8 Dex+5}
  2758 | D:3      | Reached XP level 5. HP: 27/42 MP: 5/5
  2929 | D:3      | Found a glowing golden altar of the Shining One.
  3096 | D:3      | Reached skill level 1 in Armour
  3175 | D:3      | Found a stormy altar of Qazlal.
  3373 | D:4      | Found a broken altar of Ashenzari.
  3399 | D:4      | Reached XP level 6. HP: 26/48 MP: 6/6
  3623 | D:4      | Found Hestaf's Assorted Antiques.
  3626 | D:4      | Bought a scroll of identify for 54 gold pieces
  3626 | D:4      | Bought a fizzy inky potion for 24 gold pieces
  3626 | D:4      | Bought a scroll labelled XOCKIS UNUC for 27 gold pieces
  3626 | D:4      | Bought a red potion for 24 gold pieces
  3629 | D:4      | Found a staircase to the Ecumenical Temple.
  3642 | Temple   | Entered the Ecumenical Temple
  3844 | D:4      | Found an iron altar of Okawaru.
  4110 | D:5      | Entered Level 5 of the Dungeon
  4111 | D:5      | Noticed an ice beast
  4295 | D:4      | Killed an ice beast
  4585 | D:5      | Reached XP level 7. HP: 52/55 MP: 7/7
  4744 | D:5      | Noticed Prince Ribbit
  4804 | D:5      | Killed Prince Ribbit
  4805 | D:5      | Reached skill level 5 in Fighting
  4805 | D:5      | Reached skill level 5 in Polearms
  4805 | D:5      | Reached skill level 5 in Dodging
  5844 | D:5      | Found a blossoming altar of Fedhas.
  5895 | D:5      | Reached XP level 8. HP: 59/63 MP: 8/8
  7034 | D:6      | Found a radiant altar of Vehumet.
  7185 | D:6      | Found a shadowy altar of Dithmenos.
  7861 | D:6      | Noticed Sigmund
  7914 | D:6      | Killed Sigmund
  8155 | D:7      | Reached XP level 9. HP: 66/71 MP: 9/9
  8916 | D:7      | Noticed Joseph
  8933 | D:7      | Noticed a queen bee
  8935 | D:7      | Killed Joseph
  8977 | D:7      | Noticed vvl's ghost (novice DsVM)
  9099 | D:7      | Found a transporter.
  9104 | D:7      | Found a transporter.
  9189 | D:7      | Found Luecorch's Weapon Shoppe.
  9269 | D:7      | Found a sparkling altar of Nemelex Xobeh.
  9425 | D:7      | Noticed Dowan
  9426 | D:7      | Noticed Duvessa
  9431 | D:7      | Killed Dowan
  9432 | D:7      | Killed Duvessa
  9697 | D:7      | Found a basalt altar of Yredelemnul.
 10286 | D:8      | Reached XP level 10. HP: 54/80 MP: 10/10
 10851 | D:8      | Noticed a centaur warrior
 11617 | D:8      | Noticed a two-headed ogre
 11617 | D:8      | Noticed a two-headed ogre
 12144 | D:8      | Slain by a centaur warrior

Illustrated notes

Levels and vault maps discovered:
D:1:      shiori_shiawase, layout_basic,
          shapermc_ecumenical_altar_mp_urbaneastern
D:2:      layout_loops_ring
D:3:      layout_rooms, nicolae_tso_besieged_by_evil,
          mainiacjoe_overflow_tiny_flanked
D:4:      layout_basic, mainiacjoe_overflow_catwalk, okawaru_gym_becter,
          minmay_temple_entry_gardened_gates, serial_shops,
          nicolae_shop_behind_doors
D:5:      layout_layer_cave, fedhas_altar_2, uniq_prince_ribbit1
D:6:      layout_basic, mainiacjoe_overflow_alcove_4, mainiacjoe_overflow_paths,
          nicolae_ossuary_entry_false_entrances, hangedman_decor_riveting,
          minmay_hedge_maze, uniq_sigmund
D:7:      layout_basic, mainiacjoe_overflow_brackets,
          nicolae_overflow_crystal_walls, gammafunk_ghost_hive, serial_shops,
          shop, uniq_joseph, uniq_duvessa
D:8:      minmay_slanted_spiral_squares, layout_rooms
Temple:   hellmonk_temple_two_chambers

Skill      XL: |  1  2  3  4  5  6  7  8  9 10 |
---------------+-------------------------------+-----
Dodging        | 4 5 6 8 9 |  9.0
Fighting       | 4 5 6 8 9 |  9.1
Polearms       | 4 5 6 8 |  8.0
Armour         | 2 |  2.0
Stealth        | |  2.0

Action                   |  1- 3 |  4- 6 |  7- 9 | 10-12 || total
-------------------------+-------+-------+-------+-------++-------
Melee: Spear             |   121 |   406 |   497 |   300 ||  1324
       Punch             |     1 |     3 |     9 |     3 ||    16
Throw: Dart              |     3 |     8 |       |       ||    11
       Javelin           |       |       |    27 |     6 ||    33
Evoke: Wand              |       |     3 |    13 |       ||    16
  Use: Potion            |       |     1 |     5 |     8 ||    14
       Scroll            |       |     6 |    15 |     8 ||    29
 Stab: Sleeping          |    12 |     4 |     5 |       ||    21
       Paralysed         |       |    12 |    12 |       ||    24
Armor: Robe              |    17 |       |       |       ||    17
       Ring mail         |     3 |   124 |   146 |    52 ||   325
       Skin              |       |       |       |    34 ||    34
Dodge: Dodged            |    60 |   230 |   299 |   117 ||   706
Block: Other             |       |    26 |   102 |    55 ||   183
       Reflection        |       |       |     3 |     2 ||     5
